 Dungeon Crawl Stone Soup version 0.16.2-2-g470672f (webtiles) character file.

6032 poirepourri the Cleaver (level 10, -10/90 HPs)
             Began as a Minotaur Fighter on Aug 27, 2015.
             Was an Elder of Okawaru.
             Killed by Ozocubu's Refrigeration
             ... invoked by Fannar
              (20 damage)
             ... on level 10 of the Dungeon.
             The game lasted 00:22:22 (11104 turns).

poirepourri the Cleaver (Minotaur Fighter)         Turns: 11104, Time: 00:22:22

Health: -10/90     AC: 11    Str: 23    XL:     10   Next: 56%
Magic:  1/4        EV: 15    Int:  5    God:    Okawaru [****..]
Gold:   197        SH: 13    Dex: 11    Spells: 0 memorised, 9 levels left

rFire  . . .     SeeInvis .     a - +1 war axe
rCold  . . .     Clarity  .     b - +1 scale mail
rNeg   . . .     SustAb   .     c - +0 shield
rPois  +         Gourm    .     (helmet restricted)
rElec  .         Spirit   .     (no cloak)
rCorr  .         Warding  .     (no gloves)
rMut   .         Stasis   .     (no boots)
MR     .....                    (no amulet)
Stlth  +.........               w - ring of invisibility
                                j - ring of poison resistance

@: heroism, very slightly contaminated, invisible, not resistant to hostile
enchantments, very unstealthy
A: retaliatory headbutt, horns 2
a: Heroism, Renounce Religion, Turn Visible


You were on level 10 of the Dungeon.
You worshipped Okawaru.
Okawaru was greatly pleased with you.
You were not hungry.

You visited 2 branches of the dungeon, and saw 11 of its levels.

You collected 512 gold pieces.
You spent 315 gold pieces at shops.

Inventory:

Hand weapons
 a - a +1 war axe (weapon)
 p - a +1 war axe
Armour
 b - a +1 scale mail (worn)
 c - a +0 shield (worn)
Jewellery
 j - a ring of poison resistance (left hand)
 r - an uncursed ring of teleportation
 w - a ring of invisibility (right hand)
Magical devices
 e - a wand of random effects (7)
 f - a wand of slowing (8)
 l - a wand of random effects (26)
 m - a wand of random effects (31)
 z - a wand of draining (5)
 A - a wand of confusion (26)
Scrolls
 i - a scroll of amnesia
 k - 2 scrolls of fog
 s - 2 scrolls of remove curse
 v - 2 scrolls of fear
Books
 h - a book of Conjurations

   Spells                             Type                      Level
   a - Magic Dart                     Conjuration                  1
   b - Searing Ray                    Conjuration                  2
   c - Dazzling Spray                 Conjuration/Hexes            3
   d - Fulminant Prism                Conjuration/Hexes            4
   e - Iskenderun's Mystic Blast      Conjuration                  4
   f - Iskenderun's Battlesphere      Conjuration/Charms           5
 o - a book of Spatial Translocations

   Spells                             Type                      Level
   a - Apportation                    Translocation                1
   b - Blink                          Translocation                2
   c - Shroud of Golubria             Charms/Translocation         2
   d - Portal Projectile              Translocation                3
   e - Teleport Other                 Translocation                3
   f - Passage of Golubria            Translocation                4
Comestibles
 d - 5 bread rations
 g - 10 fruits
 t - 5 slices of pizza
 B - 4 royal jellies


   Skills:
 + Level 8.7(13.7) Fighting
 + Level 9.7(14.7) Axes
 + Level 9.7(14.7) Armour
 + Level 7.3(12.3) Dodging
 + Level 1.4(6.4) Stealth
 + Level 8.8(13.8) Shields
 - Level 0.2 Invocations


You had 9 spell levels left.
You didn't know any spells.

Dungeon Overview and Level Annotations

Branches:
Dungeon (10/15)            Temple (1/1) D:5             Orc (0/4) D:10
   Lair: D:8-11

Altars:
Ashenzari
Cheibriados
Dithmenos
Elyvilon
Fedhas
Gozag
Kikubaaqudgha
Makhleb
Nemelex Xobeh
Okawaru
Qazlal
Ru
Sif Muna
Trog
Vehumet
Xom
Yredelemnul
Zin
The Shining One

Shops:
D:8 *

Annotations:
D:10 Fannar


Innate Abilities, Weirdness & Mutations

You reflexively headbutt those who attack you in melee.
You have a pair of horns on your head.


Message History

Fannar freezes you.
* * * LOW HITPOINT WARNING * * *
You slash Fannar!
Fannar is heavily wounded.
You hit the ice beast but do no damage.
The ice beast is almost dead.
You aren't carrying any potions.
You don't know any spells.
Use which ability? (? or * to list)
You fade into invisibility!
You are very lightly contaminated with residual magic.
You feel somewhat more hungry. The ice beast misses you.
You block the ice beast's attack. Fannar closely misses you.
The ice beast closely misses you.
Fannar gestures at the ice beast while chanting.
The bolt of cold hits the ice beast.
The ice beast completely resists.
Fannar gestures wildly while chanting.
Fannar drains the heat from the surrounding environment!
You feel very cold.
You die...

.#..## ##... #..#..#
#.... #.....# ##....
#....# ###.....
#...# ###...<...
#..## ####.........
#...####...###......
#.)))((#### #......
##@)#### #######
##.Y#...##
##........# .
##.........#
..#..........##
.....#.........#
#..#..........#
##.#..e......##
#......Y.....#


You could see Fannar and 2 ice beasts.

Vanquished Creatures
  A troll (D:9)
  A two-headed ogre (D:10)
  Eustachio (D:8)
  A hungry ghost (D:9)
  Grum (D:8)
  A hippogriff (D:8)
  Edmund (D:4)
  2 wolves (D:8)
  A water moccasin (D:9)
  2 sky beasts
  6 centaurs
  2 orc warriors
  4 phantoms
  3 ice beasts
  An ogre (D:8)
  2 big kobolds (D:9)
  A wyvern zombie (D:8)
  8 giant frogs
  A gnoll sergeant (D:5)
  2 scorpions
  A water moccasin skeleton (D:7)
  14 wights
  A spriggan skeleton (D:9)
  A quasit (D:7)
  4 crimson imps
  3 goliath beetles
  A centaur zombie (D:8)
  3 orc priests
  A jelly (D:9)
  6 hounds
  A centaur skeleton (D:9)
  3 giant frog skeletons
  13 orc wizards
  4 iguanas
  A gnoll shaman (D:8)
  8 worker ants
  Ijyb (D:4)
  An ogre skeleton (D:9)
  A hound skeleton (D:5)
  A hound zombie (D:8)
  Robin (D:4)
  15 gnolls
  13 adders
  A giant mite (D:5)
  2 shadow imps
  5 worms
  3 adder skeletons
  An adder zombie (D:8)
  3 giant geckos
  An ooze (D:2)
  34 orcs
  A ball python (D:1)
  16 bats
  A bat zombie (D:7)
  21 goblins
  11 hobgoblins
  20 jackals
  34 kobolds
  3 quokkas
  8 giant cockroaches
  A giant gecko skeleton (D:5)
  A giant gecko zombie (D:5)
  7 giant newts
  A giant spore (D:7)
  A jackal zombie (D:5)
  A quokka skeleton (D:9)
  14 rats
  3 ballistomycetes (D:7)
334 creatures vanquished.

Notes
Turn   | Place    | Note
--------------------------------------------------------------
     0 | D:1      | poirepourri, the Minotaur Fighter, began the quest for the Orb.
     0 | D:1      | Reached XP level 1. HP: 19/19 MP: 1/1
     1 | D:1      | Noticed a centaur skeleton
     5 | D:1      | Noticed a minotaur skeleton
     7 | D:1      | Noticed an elf skeleton
     8 | D:1      | Noticed a merfolk skeleton
    10 | D:1      | Noticed an elf skeleton
    12 | D:1      | Noticed a merfolk skeleton
    13 | D:1      | Noticed a spriggan skeleton
    15 | D:1      | Noticed a draconian skeleton
    17 | D:1      | Noticed a troll skeleton
    17 | D:1      | Noticed an elf skeleton
    19 | D:1      | Noticed a centaur skeleton
    45 | D:1      | Reached skill level 4 in Shields
    45 | D:1      | Reached XP level 2. HP: 18/27 MP: 1/1
   449 | D:2      | Reached XP level 3. HP: 33/33 MP: 2/2
   591 | D:2      | Reached skill level 1 in Dodging
  1232 | D:3      | Reached XP level 4. HP: 38/40 MP: 2/2
  1747 | D:3      | Reached XP level 5. HP: 46/46 MP: 2/2
  2077 | D:3      | Reached skill level 5 in Armour
  2077 | D:3      | Reached skill level 5 in Shields
  2192 | D:4      | Noticed Robin
  2204 | D:4      | Killed Robin
  2204 | D:4      | Reached XP level 6. HP: 41/53 MP: 3/3
  2315 | D:4      | Noticed Edmund
  2327 | D:4      | Killed Edmund
  2430 | D:4      | Reached skill level 5 in Fighting
  2430 | D:4      | Reached skill level 6 in Armour
  2430 | D:4      | Reached XP level 7. HP: 22/61 MP: 3/3
  2638 | D:4      | Got a faintly glowing ring mail
  2655 | D:4      | Identified the +0 ring mail of Slovenliness {Int+10 Dex-3 Slay-4 SInv} (You found it on level 4 of the Dungeon)
  2903 | D:4      | Noticed Ijyb
  2908 | D:4      | Killed Ijyb
  3060 | D:5      | Entered Level 5 of the Dungeon
  3576 | D:5      | Found a staircase to the Ecumenical Temple.
  3594 | D:5      | Reached skill level 5 in Axes
  3672 | Temple   | Entered the Ecumenical Temple
  3776 | Temple   | Became a worshipper of Warmaster Okawaru
  3925 | D:5      | Reached XP level 8. HP: 40/70 MP: 3/3
  4551 | D:5      | Reached skill level 7 in Armour
  4955 | D:5      | Acquired Okawaru's first power
  5330 | D:5      | Reached skill level 1 in Stealth
  5799 | D:6      | Reached skill level 5 in Dodging
  6165 | D:6      | Reached XP level 9. HP: 60/78 MP: 4/4
  6631 | D:6      | Reached skill level 8 in Armour
  8213 | D:8      | Noticed Eustachio
  8236 | D:8      | Killed Eustachio
  8488 | D:8      | Found a basalt altar of Yredelemnul.
  8806 | D:8      | Noticed Grum
  8816 | D:8      | Killed Grum
  8825 | D:8      | Reached skill level 9 in Armour
  8825 | D:8      | Reached XP level 10. HP: 88/88 MP: 4/4
  8889 | D:8      | Found an opulent altar of Gozag.
  8998 | D:8      | Found Shryubycix's Assorted Antiques.
  9001 | D:8      | Bought a large copper ring for 150 gold pieces
  9003 | D:8      | Bought a scroll of fear for 105 gold pieces
  9003 | D:8      | Bought a scroll of identify for 60 gold pieces
 10197 | D:9      | Found a bloodstained altar of Trog.
 10449 | D:9      | Found a runed door.
 10950 | D:10     | Entered Level 10 of the Dungeon
 10950 | D:10     | Found a staircase to the Orcish Mines.
 11076 | D:10     | Noticed Fannar
 11104 | D:10     | Killed from afar by Fannar

Action                   |  1- 3 |  4- 6 |  7- 9 | 10-12 || total
-------------------------+-------+-------+-------+-------++-------
Melee: War axe           |    81 |   127 |   523 |   215 ||   946
Invok: Heroism           |       |       |     3 |     5 ||     8
 Abil: Evoke Invisibilit |       |       |       |     1 ||     1
Evoke: Wand              |       |       |     2 |       ||     2
  Use: Scroll            |     2 |    11 |     6 |     5 ||    24
       Potion            |     1 |     8 |     7 |     2 ||    18
  Eat: Bread ration      |     1 |       |     3 |     1 ||     5
       Meat ration       |       |     1 |     1 |     1 ||     3
       Fruit             |       |       |     2 |       ||     2
